 Dungeon Crawl Stone Soup version 0.27.1-35-g4d5d836560 (webtiles) character file.

Game seed: 7296709109922841787

569 Delamore the Sneak (level 7, -1/73 HPs)
             Began as an Octopode Brigand on June 10, 2022.
             Splashed by a jelly's acid (10 damage)
             ... on level 4 of the Dungeon.
             The game lasted 00:04:07 (4216 turns).

Delamore the Sneak (Octopode Brigand)               Turns: 4216, Time: 00:04:08

Health: -1/73      AC:  7    Str:  8 (10) XL:     7   Next: 33%
Magic:  16/16      EV:  2    Int: 12 (14) God:
Gold:   126        SH:  0    Dex: 12 (15) Spells: 6/6 levels left

rFire    . . .     SeeInvis .   n - +2 whip (flame)
rCold    . . .     Faith    .   (no shield)
rNeg     + + +     Spirit   .   (helmet currently unavailable)
rPois    +         Reflect  .   (no amulet)
rElec    .         Harm     .   l - ring of magical power
rCorr    .         Rampage  .   s - ring of flight
Will     .....     NoTele   +   (no ring)
Stlth    +++.......             (no ring)
HPRegen  0.22/turn              (no ring)
MPRegen  0.15/turn              (no ring)
                                (no ring)
                                (no ring)

@: tree-form, corroded, studying Maces & Flails
A: stationary, stasis, torment immunity, boosted hp, almost no armour,
(amphibious), 8 rings, (camouflage 1), (gelatinous body 1), (nimble swimmer 1),
(tentacles)
a: no special abilities


You were on level 4 of the Dungeon.
You were a tree.
You visited 1 branch of the dungeon, and saw 6 of its levels.

You collected 126 gold pieces.

Inventory:

Hand Weapons
 a - a +2 dagger
 n - a +2 whip of flaming (weapon)
Missiles
 b - 21 poisoned darts
 c - 2 curare-tipped darts (quivered)
 i - 97 stones
Jewellery
 l - a ring of magical power (left branch)
 s - a ring of flight (right branch)
Wands
 u - a wand of flame (17)
 w - a wand of digging (7)
Scrolls
 d - a scroll of immolation {unknown}
 e - a scroll of brand weapon {unknown}
 g - a scroll of fear {unknown}
 h - 2 scrolls of teleportation
 o - a scroll of magic mapping {unknown}
 p - a scroll of enchant weapon {unknown}
 t - a scroll of blinking {unknown}
 v - 3 scrolls of identify {unknown}
 y - a scroll of torment {unknown}
 z - a scroll of amnesia {unknown}
Potions
 f - 3 potions of lignification
 j - 2 potions of curing
 k - 2 potions of flight {unknown}
 m - a potion of invisibility {unknown}
 q - a potion of degeneration
 r - 2 potions of magic {unknown}
 x - a potion of heal wounds {unknown}


   Skills:
 + Level 4.7 Fighting
 - Level 2.0 Short Blades
 * Level 0.2 Maces & Flails
 + Level 4.7 Throwing
 + Level 4.3 Dodging
 - Level 5.3 Stealth


You had 6 spell levels left.
You didn't know any spells.
Your spell library contained the following spells:

 Spells                   Type           Power      Damage    Failure   Level
 Ozocubu's Armour         Ice            0%         N/A       69%         3
 Metabolic Englaciation   Hex/Ice        0%         N/A       100%        5
 Simulacrum               Ice/Necr       0%         N/A       100%        6


Dungeon Overview and Level Annotations

Branches:
Dungeon (6/15)
 Temple: D:4-7

Altars:
Kikubaaqudgha

Annotations:
D:4 Grinder


Innate Abilities, Weirdness & Mutations

You are a tree.
Your roots penetrate the ground, keeping you stationary.
You cannot be teleported.
You are immune to unholy pain and torment.
Your maximum health is greatly increased.
You cannot wear most types of armour.
((You are amphibious.))
You can wear up to eight rings at the same time.
((Your skin changes colour to match your surroundings (Stealth+).))
((Your rubbery body absorbs attacks. (AC +1, EV +1)))
((You are camouflaged near water. (Stealth+)))
((You have tentacles for arms and can constrict up to eight enemies at once.))


Message History

The jelly barely misses you.
You hit the jelly. You burn the jelly.
Your tentacles burn!
The jelly is severely wounded.
The jelly barely misses you. The jelly hits you. The acid corrodes you!
You are splashed with acid!
You are too injured to fight recklessly!
You are too injured to fight recklessly!
You hit the jelly but do no damage.
Your tentacles burn!
You squeeze the jelly, but do no damage.
The jelly is heavily wounded.
The jelly closely misses you.
You hit the jelly but do no damage. The acid corrodes you!
Your tentacles burn!
* * * LOW HITPOINT WARNING * * *
The jelly is heavily wounded.
The jelly misses you.
Okay, then.
Press: ? - help, v - describe, . - travel
Here: a jelly (heavily wounded)
The floor.
It was a potion of lignification.
You turn into a tree.
Your roots penetrate the ground.
The jelly hits you but does no damage.
You hit the jelly but do no damage.
Your branches burn!
* * * LOW HITPOINT WARNING * * *
The jelly is heavily wounded.
The jelly hits you but does no damage.
You hit the jelly but do no damage. The acid corrodes you!
Your branches burn!
* * * LOW HITPOINT WARNING * * *
The jelly is heavily wounded.
The jelly hits you but does no damage.
It was a potion of curing.
You feel better. The jelly hits you.
* * * LOW HITPOINT WARNING * * *
You are splashed with acid!
* * * LOW HITPOINT WARNING * * *
It was a potion of degeneration.
There was something very wrong with that liquid.
You feel weakened.
You feel dopey.
You feel clumsy. The jelly hits you.
* * * LOW HITPOINT WARNING * * *
The acid corrodes you!
You are splashed with acid!
You die...

###### .....###### ###
###........ ..# #
#........ ... ###.####..#
#.# ...## .# ###.# ..## #
.####...###.#.# .##
#....>...J......# .# #
.####.#♣# # .#
.........$###.############
.#
.#.##.#.#.#...............
.# ............#
#######.## ##
....#.#.#.###.# ###.## # #
# #............# #..... #
#.##.##.###.#####.. #.#.##
# ..........# #(#.## # ..
#.##.###.# #.#...


You could see a jelly.

Vanquished Creatures
  Eustachio (D:4)
  A necrophage (D:4)
  A centaur (D:4)
  A scorpion (D:4)
  A jelly (D:3)
  Terence (D:3)
  A hound skeleton (D:4)
  A gnoll (D:1)
  A howler monkey skeleton (D:4)
  5 adders
  An adder skeleton (D:4)
  A worm (D:2)
  3 dart slugs
  6 orcs (D:3)
  7 ball pythons
  4 bats
  6 endoplasms
  A giant cockroach (D:3)
  3 goblins
  11 hobgoblins
  2 jackals (D:3)
  4 quokkas
  7 frilled lizards
  6 kobolds
  3 rats (D:1)
79 creatures vanquished.

Vanquished Creatures (others)
  3 withered plants (D:4)
3 creatures vanquished.

Grand Total: 82 creatures vanquished

Notes
Turn   | Place    | Note
-------+----------+-------------------------------------------
     0 | D:1      | Delamore the Octopode Brigand began the quest for the Orb.
     0 | D:1      | Reached XP level 1. HP: 14/14 MP: 1/1
    63 | D:1      | Reached XP level 2. HP: 19/19 MP: 2/2
   897 | D:2      | Reached XP level 3. HP: 19/25 MP: 3/3
  1945 | D:3      | Reached XP level 4. HP: 30/30 MP: 4/4
  2268 | D:3      | Noticed Terence
  2277 | D:3      | Killed Terence
  2496 | D:3      | Reached XP level 5. HP: 31/36 MP: 5/5
  2974 | D:3      | Found a faded altar of an unknown god.
  3123 | D:3      | You are sucked into a shaft and drop 1 floor!
  3211 | D:4      | Found an ancient bone altar of Kikubaaqudgha.
  3241 | D:4      | Noticed Grinder
  3243 | D:4      | Paralysed by Grinder for 3 turns
  3501 | D:4      | Noticed a necrophage
  3505 | D:4      | Killed a necrophage
  3506 | D:4      | Reached XP level 6. HP: 39/43 MP: 6/6
  3580 | D:4      | You are sucked into a shaft and drop 2 floors!
  3625 | D:5      | Entered Level 5 of the Dungeon
  3656 | D:4      | Noticed Eustachio
  3664 | D:4      | Killed Eustachio
  3842 | D:4      | Reached XP level 7. HP: 42/49 MP: 7/7
  4216 | D:4      | Splashed by a jelly's acid

Illustrated notes

Levels and vault maps discovered:
D:1:      amcnicky_arrival_single_pillar, layout_basic
D:2:      layout_rooms, minmay_randomly_rotated_circles
D:3:      minmay_inner_zag, layout_basic, basic_ecumenical_altar,
          grunt_ministairs_3, corexii_item_surrounded_by_moat, uniq_terence
D:4:      layout_loops_ring, kiku_gazebo_garden_becter,
          minmay_temple_entry_trees, minmay_manual_monstrance, uniq_grinder,
          uniq_eustachio
D:5:      wad_lake_hut, layout_basic
D:6:      layout_layer_cave, uniq_crazy_yiuf_cottage, uniq_pikel, uniq_duvessa

Skill      XL: |  1  2  3  4  5  6 |
---------------+-------------------+-----
Dodging        | 2 3 4 |  4.3
Throwing       | 3 4 |  4.7
Fighting       | 3 4 |  4.7
Short Blades   | |  2.0
Maces & Flails | |  0.2
Stealth        | |  5.3

Action                   |  1- 3 |  4- 6 |  7- 9 || total
-------------------------+-------+-------+-------++-------
Melee: Dagger            |    42 |       |       ||    42
       Constrict         |    12 |    18 |     3 ||    33
       Tentacles         |     7 |    11 |     4 ||    22
       Whip              |    12 |    76 |    21 ||   109
Throw: Stone             |    10 |       |       ||    10
       Dart              |     7 |     7 |       ||    14
  Use: Scroll            |     1 |       |       ||     1
       Potion            |       |       |     3 ||     3
 Stab: Sleeping          |    14 |    12 |     3 ||    29
Armor: Skin              |     2 |     2 |     3 ||     7
Dodge: Dodged            |    22 |    46 |    13 ||    81
